 Dungeon Crawl Stone Soup version 0.25-a0-413-g3b4b6a4ccc (console) character file.

Game seed: 7551956617331809175, levelgen mode: deterministic

66 Kagalorn the Sneak (level 4, -1/33 HPs)
             Began as a Human Assassin on Jan 15, 2020.
             Slain by an adder (2 damage)
             ... on level 3 of the Dungeon.
             The game lasted 00:04:52 (1562 turns).

Kagalorn the Sneak (Human Assassin)                 Turns: 1562, Time: 00:04:54

Health: -1/33      AC:  3    Str: 11    XL:     4   Next: 37%
Magic:  4/4        EV: 12    Int: 12    God:
Gold:   71         SH:  0    Dex: 15    Spells: 3/3 levels left

rFire    . . .     SeeInvis .   a - +2 dagger
rCold    . . .     Gourm    .   (no shield)
rNeg     . . .     Faith    .   b - +0 robe
rPois    .         Spirit   .   u - +0 helmet
rElec    .         Reflect  .   p - scarf {cloud immunity}
rCorr    .         Harm     .   (no gloves)
MR       .....                  (no boots)
Stlth    +++.......             (no amulet)
HPRegen  0.11/turn              (no ring)
MPRegen  0.09/turn              (no ring)

@: no status effects
A: no striking features
a: no special abilities


You were on level 3 of the Dungeon.
You were not hungry.

You visited 1 branch of the dungeon, and saw 3 of its levels.

You collected 71 gold pieces.

Inventory:

Hand Weapons
 a - a +2 dagger (weapon)
Missiles
 d - 8 poisoned darts (quivered)
 e - 2 curare-tipped darts
 l - 3 stones
Armour
 b - a +0 robe (worn)
 c - a +0 cloak
 p - a scarf of cloud immunity (worn)
 u - a +0 helmet (worn)
Jewellery
 q - a +4 ring of evasion {unknown}
Scrolls
 g - a scroll of noise {unknown}
 h - 3 scrolls of identify
 j - a scroll of fog {unknown}
 k - a scroll of enchant weapon {unknown}
 m - a scroll of random uselessness {unknown}
 o - 2 scrolls of enchant armour {unknown}
 s - a scroll of remove curse {unknown}
 t - a scroll of magic mapping {unknown}
Potions
 i - 2 potions of berserk rage
 n - a potion of invisibility {unknown}
 r - a potion of curing {unknown}
Comestibles
 f - 3 rations


   Skills:
 - Level 2.0 Fighting
 * Level 3.1 Short Blades
 - Level 2.0 Throwing
 - Level 1.0 Dodging
 * Level 5.2 Stealth


You had 3 spell levels left.
You didn't know any spells.
Your spell library was empty.

Dungeon Overview and Level Annotations

Branches:
Dungeon (3/15)

Altars:
Nemelex Xobeh
Qazlal

Annotations:
D:2 1 runed translucent door, exclusions: goblin and 1 more exclusion, Crazy Yiuf, Robin


Message History

Found 9 stones.
You hit the goblin.
The goblin is moderately wounded.
The adder barely misses you. The goblin completely misses you.
The hobgoblin hits you. The adder barely misses you.
You hit the goblin.
The goblin is severely wounded.
The hobgoblin hits you. The goblin hits you. The adder bites you.
The goblin hits you.
* * * LOW HITPOINT WARNING * * *
As you read the scroll labeled VALUIT VEISM, it crumbles to dust.
It is a scroll of identify.
i - 2 potions of berserk rage The hobgoblin hits you but does no damage.
A hobgoblin comes into view. It is wielding a +0 club.
The hobgoblin hits you.
* * * LOW HITPOINT WARNING * * *
A goblin comes into view. It is wielding a +0 club.
The goblin closely misses you. The adder bites you.
You die...

....### .......
....... #
...(... #.##
....S..
#....###w......
#..g.g......
#..g@S......
#.###g......
#...### ..## g#
.. .. .g.


You could see 2 adders, a dart slug, 3 hobgoblins and 3 goblins.

Vanquished Creatures
  2 adders (D:2)
  A dart slug (D:1)
  2 bats (D:1)
  4 giant cockroaches
  3 goblins
  9 hobgoblins
  9 jackals
  2 kobolds
  2 frilled lizards (D:1)
  5 rats (D:1)
39 creatures vanquished.

Notes
Turn   | Place    | Note
-------+----------+-------------------------------------------
     0 | D:1      | Kagalorn the Human Assassin began the quest for the Orb.
     0 | D:1      | Reached XP level 1. HP: 16/16 MP: 1/1
    83 | D:1      | Reached XP level 2. HP: 22/22 MP: 2/2
   291 | D:1      | Reached XP level 3. HP: 21/27 MP: 3/3
   881 | D:2      | Found a sparkling altar of Nemelex Xobeh.
   890 | D:2      | Noticed Robin
  1045 | D:2      | Reached skill level 5 in Stealth
  1067 | D:2      | Found a stormy altar of Qazlal.
  1080 | D:2      | Reached XP level 4. HP: 32/33 MP: 4/4
  1120 | D:2      | Found a runed translucent door.
  1121 | D:2      | Noticed Crazy Yiuf
  1562 | D:3      | HP: 1/33 [hobgoblin[Robin] (6)]
  1562 | D:3      | Slain by an adder

Levels and vault maps discovered:
D:1:      dpeg_arrival_round_c, layout_loops_ring, minmay_misc_feat_plants
D:2:      layout_rooms, nicolae_overflow_crystal_walls, lemuel_crystal_altar,
          first_ration, uniq_robin, uniq_crazy_yiuf_cottage
D:3:      layout_rooms, lemuel_crystal_altar

Skill      XL: |  1  2  3  4 |
---------------+-------------+-----
Stealth        | 5 |  5.2
Short Blades   | 3 |  3.1
Fighting       | |  2.0
Throwing       | |  2.0
Dodging        | |  1.0

Action                   |  1- 3 |  4- 6 || total
-------------------------+-------+-------++-------
Melee: Dagger            |   107 |    27 ||   134
Throw: Dart              |     3 |     2 ||     5
  Use: Scroll            |       |     1 ||     1
 Stab: Sleeping          |     9 |     1 ||    10
  Eat: Chunk             |     1 |     1 ||     2
Armor: Robe              |    24 |     7 ||    31
Dodge: Dodged            |    57 |    26 ||    83

Table legend:
 A = Non-vault XP
 B = Vault XP
 C = Vault XP percentage of total XP
 D = Non-vault monster count
 E = Vault monster count
 F = Vault count percentage of total count
                 A         B        C        D         E       F
            +---------+---------+-------+---------+---------+-------
      Total |      95 |       0 |   0.0 |      39 |       0 |   0.0
            +---------+---------+-------+---------+---------+-------
        D:1 |      48 |       0 |   0.0 |      27 |       0 |   0.0
        D:2 |      47 |       0 |   0.0 |      12 |       0 |   0.0
            +---------+---------+-------+---------+---------+-------
